 Dungeon Crawl Stone Soup version 0.30.1-3-gfc49f6343a (webtiles) character file.

Game seed: 7222677741780945754

334101 Atelerd the Imperceptible (level 21, -14/161 HPs)
             Began as an Octopode Earth Elementalist on July 31, 2023.
             Was a High Priest of Sif Muna.
             Hit by a large rock thrown by a stone giant (31 damage)
             ... on level 2 of the Depths.
             The game lasted 03:28:09 (65792 turns).

Atelerd the Imperceptible (OpEE)                   Turns: 65792, Time: 03:28:09

Health: -14/161    AC: 25    Str: 12    XL:     21   Next: 83%
Magic:  16/52      EV: 22    Int: 37    God:    Sif Muna [*****.]
Gold:   2591       SH:  7    Dex: 17    Spells: 1/57 levels left

rFire   + . .        w - +4 quick blade (elec)
rCold   + . .        I - +0 buckler
rNeg    + + +        P - +0 hat "Bequrywn" {rF+ rN+ Str+3}
rPois   ∞            m - amulet of the acrobat
rElec   +            v - ring of wizardry
rCorr   .            S - +4 ring of protection
SInv    +            Q - +7 ring of intelligence
Will    +....        R - ring of Teipt {rF+ rN+++ Will- Int+3 Dex+3}
Stlth   ++++++++++   e - +5 ring of evasion
HPRegen 0.46/turn    f - ring "Muvop" {Ice Int+2}
MPRegen 0.33/turn    c - ring of magical power
                     u - ring of Relativism {SInv Stlth+}

%: acrobat, wizardry (x1)
@: statue-form (expiring), corroded, on blink cooldown, studying 2 skills, very
slow
A: slow and powerful, torment resistance 1, boosted hp, almost no armour,
amphibious, 8 rings, camouflage 1, (gelatinous body 1), (nimble swimmer 1),
tentacles, (iridescent scales 1), strong-willed 1
}: 2/15 runes: decaying, gossamer
a: End Transformation, Renounce Religion, Channel Magic, Forget Spell, Divine
Exegesis


You were on level 2 of the Depths.
You worshipped Sif Muna.
Sif Muna was extremely pleased with you.
You were a living statue of rough stone.
You visited 9 branches of the dungeon, and saw 38 of its levels.
You visited the Abyss 1 time.
You also visited: Trove, Sewer, Gauntlet and Ice Cave.

You collected 5390 gold pieces.
You spent 2799 gold pieces at shops.

Inventory:

Hand Weapons
 w - a +4 quick blade of electrocution (weapon)
Armour
 I - a +0 buckler (worn)
 P - the +0 hat "Bequrywn" (worn) {rF+ rN+ Str+3}
   (You found it on level 4 of the Spider Nest)

   Str:       It affects your strength (+3).
   rF:        It protects you from fire.
   rN:        It protects you from negative energy.
Magical Staves
 q - a staff of air
Jewellery
 c - a ring of magical power (on tentacle)
 e - a +5 ring of evasion (on tentacle)
 f - the ring "Muvop" (on tentacle) {Ice Int+2}
   (You found it in an ice cave)

   [ring of ice]

   It enhances your ice magic.
   Int:       It affects your intelligence (+2).
   rF:        It makes you vulnerable to fire.
   rC:        It protects you from cold.
 m - an amulet of the acrobat (around mantle)
 u - the ring of Relativism (on tentacle) {SInv Stlth+}
   (You found it in a Gauntlet)

   [ring of see invisible]

   SInv:      It lets you see invisible.
   Stlth:     It makes you more stealthy.
 v - a ring of wizardry (left tentacle)
 Q - a +7 ring of intelligence (on tentacle)
 R - the ring of Teipt (on tentacle) {rF+ rN+++ Will- Int+3 Dex+3}
   (You bought it in a shop on level 5 of the Dungeon)

   [ring of protection from fire]

   Int:       It affects your intelligence (+3).
   Dex:       It affects your dexterity (+3).
   rF:        It protects you from fire.
   rN:        It renders you almost immune to negative energy.
   Will:      It decreases your willpower.
 S - a +4 ring of protection (right tentacle)
Wands
 i - a wand of paralysis (30)
 l - a wand of iceblast (27)
 J - a wand of digging (13)
 O - a wand of acid (16)
 V - a wand of mindburst (29)
Scrolls
 b - 5 scrolls of torment
 d - 7 scrolls of vulnerability
 o - 5 scrolls of immolation
 t - 3 scrolls of teleportation
 y - 4 scrolls of silence
 A - 6 scrolls of amnesia
 B - 3 scrolls of fear
 F - 5 scrolls of magic mapping
 G - 7 scrolls of fog
 Y - 4 scrolls of enchant weapon
Potions
 a - 4 potions of magic
 h - 8 potions of cancellation
 r - 5 potions of mutation
 s - 7 potions of might
 x - 2 potions of resistance
 z - 5 potions of haste
 K - 3 potions of brilliance
 L - 6 potions of ambrosia
 T - 19 potions of curing
 U - 2 potions of heal wounds
 X - 6 potions of invisibility
 Z - 2 potions of berserk rage
Miscellaneous
 g - a phantom mirror
 M - a lightning rod (4/4)


   Skills:
 - Level 5.0 Fighting
 - Level 5.0 Short Blades
 - Level 10.0 Dodging
 - Level 23.0 Stealth
 * Level 10.4 Shields
 + Level 18.8 Spellcasting
 * Level 8.7 Conjurations
 - Level 2.0 Hexes
 - Level 6.0 Transmutations
 - Level 6.0 Ice Magic
 + Level 15.0 Air Magic
 + Level 12.1 Earth Magic
 + Level 10.1 Invocations
 - Level 2.0 Evocations


You had one spell level left.
You knew the following spells:

 Your Spells              Type           Power      Damage    Failure   Level
a - Sandblast             Erth           100%       2d20      0%          1
b - Iskenderun's Mystic   Conj/Tloc      61%        2d13      1%          4
c - Blink                 Tloc           68%        N/A       1%          2
g - Conjure Ball Lightni  Conj/Air       44%        3x3d15    1%          6
i - Iron Shot             Conj/Erth      42%        9d8       1%          6
l - Lee's Rapid Deconstr  Erth           45%        3d22*     1%          5
m - Maxwell's Capacitive  Air            49%        ∞         6%          8
p - Petrify               Tmut/Erth      80%        N/A       1%          4
r - Airstrike             Air            49%        2d(7-23)  0%          4
s - Statue Form           Tmut/Erth      53%        N/A       1%          6
u - Freezing Cloud        Conj/Ice/Air   52%        6-21      1%          5
v - Borgnjor's Vile Clut  Necr/Erth      34%        N/A       1%          5

Your spell library contained the following spells:

 Spells                   Type           Power      Damage    Failure   Level
 Shock                    Conj/Air       100%       1d9       0%          1
 Apportation              Tloc           68%        N/A       1%          1
 Beastly Appendage        Tmut           100%       N/A       1%          1
 Freeze                   Ice            100%       1d10      1%          1
 Magic Dart               Conj           100%       1d8       1%          1
 Necrotise                Necr           100%       1d9       1%          1
 Slow                     Hex            100%       N/A       1%          1
 Summon Small Mammal      Summ           100%       N/A       1%          1
 Static Discharge         Conj/Air       100%       2-7/arc   0%          2
 Swiftness                Air            98%        N/A       0%          3
 Call Imp                 Summ           68%        N/A       1%          2
 Ensorcelled Hibernation  Hex/Ice        100%       N/A       1%          2
 Lesser Beckoning         Tloc           68%        N/A       1%          2
 Momentum Strike          Conj/Tloc      100%       3d10      1%          2
 Passwall                 Tmut/Erth      66%        N/A       1%          2
 Poisonous Vapours        Pois/Air       100%       N/A       1%          2
 Searing Ray              Conj           100%       2d8       1%          2
 Sublimation of Blood     Necr           34%        N/A       1%          2
 Wereblood                Tmut           68%        N/A       1%          2
 Confusing Touch          Hex            49%        N/A       1%          3
 Dazzling Flash           Conj/Hex       100%       N/A       1%          3
 Frozen Ramparts          Ice            100%       1d16      1%          3
 Gell's Gravitas          Tloc           34%        N/A       1%          3
 Hailstorm                Conj/Ice       93%        3d18      1%          3
 Ignite Poison            Fire/Tmut/Pois 49%        N/A       1%          3
 Inner Flame              Hex/Fire       42%        N/A       1%          3
 Mephitic Cloud           Conj/Pois/Air  76%        N/A       1%          3
 Ozocubu's Armour         Ice            87%        N/A       1%          3
 Spider Form              Tmut/Pois      54%        N/A       1%          3
 Stone Arrow              Conj/Erth      100%       3d13      1%          3
 Summon Guardian Golem    Hex/Summ       42%        N/A       1%          3
 Teleport Other           Tloc           34%        N/A       1%          3
 Vampiric Draining        Necr           34%        2d8       1%          3
 Vhi's Electric Charge    Tloc/Air       100%       N/A       1%          3
 Volatile Blastmotes      Fire/Tloc      68%        2d15      1%          3
 Flame Wave               Conj/Fire      61%        2d14      1%          4
 Fulminant Prism          Conj/Hex       32%        3d15      1%          4
 Ice Form                 Ice/Tmut       87%        N/A       1%          4
 Leda's Liquefaction      Hex/Erth       36%        N/A       1%          4
 Sticky Flame             Conj/Fire      61%        2d8       1%          4
 Summon Ice Beast         Ice/Summ       71%        N/A       1%          4
 Summon Lightning Spire   Summ/Air       74%        N/A       1%          4
 Arcjolt                  Conj/Air       44%        1d54      1%          5
 Blade Hands              Tmut           34%        N/A       1%          5
 Fireball                 Conj/Fire      30%        3d13      1%          5
 Irradiate                Conj/Tmut      36%        3d23      1%          5
 Iskenderun's Battlesphe  Conj           78%        2d13      1%          5
 Silence                  Hex/Air        39%        N/A       1%          5
 Anguish                  Hex/Necr       21%        N/A       2%          4
 Metabolic Englaciation   Hex/Ice        38%        N/A       2%          5
 Yara's Violent Unravell  Hex/Tmut       29%        3d12      2%          5
 Plasma Beam              Fire/Air       37%        2x1d55    3%          6
 Animate Dead             Necr           34%        N/A       4%          4
 Dispel Undead            Necr           34%        3d15      4%          4
 Manifold Assault         Tloc           34%        N/A       4%          4
 Storm Form               Tmut/Air       42%        N/A       4%          7
 Summon Mana Viper        Hex/Summ       42%        N/A       9%          5
 Orb of Destruction       Conj           39%        9d11      11%         7
 Agony                    Necr           34%        N/A       12%         5
 Summon Forest            Summ/Tloc      17%        N/A       12%         5
 Starburst                Conj/Fire      30%        6d9       12%         6
 Eringya's Noxious Bog    Tmut/Pois      27%        N/A       19%         6
 Simulacrum               Ice/Necr       35%        N/A       19%         6
 Dragon Form              Tmut           34%        N/A       30%         7
 Ozocubu's Refrigeration  Ice            43%        4d17      30%         7
 Lehudib's Crystal Spear  Conj/Erth      42%        10d10     36%         8
 Spellforged Servitor     Conj/Summ      30%        N/A       50%         7
 Death Channel            Necr           17%        N/A       52%         6
 Summon Cactus Giant      Summ           17%        N/A       52%         6
 Shatter                  Erth           45%        3d35*     95%         9
 Chain Lightning          Conj/Air       44%        3d59      96%         9
 Haunt                    Necr/Summ      17%        N/A       97%         7
 Malign Gateway           Summ/Tloc      17%        N/A       97%         7
 Summon Hydra             Summ           17%        N/A       97%         7
 Necromutation            Tmut/Necr      27%        N/A       100%        8
 Polar Vortex             Ice            43%        N/A       100%        9
 Animate Armour           Summ/Erth      Unusable   N/A       N/A         4

Dungeon Overview and Level Annotations

Branches:
Dungeon (15/15)            Temple (1/1) D:5            Lair (5/5) D:8
  Swamp (4/4) Lair:2       Spider (4/4) Lair:2        Slime (2/5) Lair:5
    Orc (2/2) D:9             Elf (3/3) Orc:2        Vaults (0/5) D:13
 Depths (2/4) D:15          Sewer (visited)           IceCv (visited)
Gauntlet (visited)

Altars:
Ashenzari
Dithmenos
Elyvilon
Fedhas
Gozag
Hepliaklqana
Kikubaaqudgha
Makhleb
Nemelex Xobeh
Qazlal
Ru
Sif Muna
Trog
Uskayaw
Vehumet
Wu Jian
Xom
Yredelemnul
Zin
The Shining One
Jiyva
Lugonu

Shops:
D:1 :   D:4 :   D:5 =   D:6 :   Orc:2 *[!?   Elf:1 !   Elf:3 ((

Portals:
Hell: Depths:1

Annotations:
D:5 exclusion: downstairs
D:11 exclusion: downstairs
Lair:1 exclusion: 2 downstairs
Lair:3 exclusion: 2 downstairs
Swamp:3 exclusion: downstairs
Spider:2 exclusion: downstairs
Elf:1 exclusion: downstairs
Elf:3 Mara


Innate Abilities, Weirdness & Mutations

You are a living statue of rough stone.
Your actions are slow, but your melee attacks are powerful.
You are resistant to unholy torment.
Your maximum health is greatly increased.
You are immune to poison.
You cannot wear most types of armour.
You are amphibious.
You can wear up to eight rings at the same time.
Your skin changes colour to match your surroundings (Stealth+).
((Your rubbery body absorbs attacks. (AC +1, EV +1)))
((You are camouflaged when in or above water. (Stealth+)))
You have tentacles for arms and can constrict up to eight enemies at once.
((You are partially covered in iridescent scales. (AC +2)))
You are strong-willed. (Will+)


Message History

Okay, then.
Unknown command.
Okay, then.
Unknown command.
Press: ? - help, v - describe, . - travel
Here: a titan The floor.
Unknown command.
Press: ? - help, v - describe, . - travel
Here: a lich The floor.
Unknown command.
Okay, then.
Okay, then.
Okay, then.
Okay, then.
Unknown command.
Unknown command.
Unknown command.
Press: ? - help, v - describe, . - travel
Here: a titan The floor.
Unknown command.
Casting: Lee's Rapid Deconstruction (safe; 1% risk of failure)
Confirm with . or Enter, or press ? or * to list all spells.
Aiming: Petrify (safe; 1% risk of failure)
Press: ? - help, Shift-Dir - straight line, f - titan
Aim: a titan (chance to affect: 0%)
Okay, then.
Unknown command.
Press: ? - help, v - describe, . - travel
Here: a storm dragon (catching its breath)
The floor.
Unknown command.
Casting: Petrify (safe; 1% risk of failure)
Confirm with . or Enter, or press ? or * to list all spells.
You blink.
You hear a horrible gurgling sound!
The stone giant throws a large rock.
The large rock hits you!!
You die...

.. # #. ' . .'
#. ##. #. ....
. ###i### '###
#..C..# #...#
#.#..L..##..#
#.'.§C..'8.#
#..#..D..#.#..#
# #.....#.. ##
###W#####' #.##
.. #.# ## #'.
#.# #.#


You could see a titan, a storm dragon (catching breath), a stone giant, a lich,
a spriggan defender and a flayed ghost.

Vanquished Creatures
  A caustic shrike (Depths:2)
  Arachne (Spider:2)
  A lich (IceCv)
  Asterion (Spider:2)
  3 acid blobs (Slime:1)
  2 deep elf blademasters (Elf:3)
  3 tentacled starspawn (Abyss:2)
  2 deep elf master archers (Elf:3)
  A thorn hunter (Swamp:4)
  Gastronok (Lair:2)
  Agnes (Spider:1)
  5 emperor scorpions
  3 fire giants
  8 deep elf sorcerers
  6 ghost moths
  2 deep elf elementalists (Elf:3)
  4 broodmothers
  The ghost of aeroqp the Geomancer, a journeyman FoEE of Makhleb (Lair:2)
  6 very ugly things
  3 eleionomae
  5 stone giants
  Nessos (D:12)
  A deep elf demonologist (Elf:3)
  6 deep elf annihilators (Elf:3)
  5 bunyips
  A minotaur (Gauntlet)
  2 spark wasps (Spider:4)
  9 deep elf death magi
  An ettin (Depths:2)
  A fire dragon (Depths:2)
  2 merfolk impalers (Depths:1)
  A shambling mangrove (Swamp:4)
  3 jiangshi (Depths:1)
  A great orb of eyes (Slime:1)
  Josephine (Lair:3)
  A caustic shrike simulacrum (IceCv)
  2 entropy weavers
  2 ice dragons
  2 deep elf high priests
  3 vault guards (D:13)
  Harold (D:10)
  Erolcha (D:12)
  An ogre mage (D:15)
  A ghost crab (Swamp:3)
  19 hydras
  3 catoblepae (Lair:5)
  3 jorogumos
  Erica (D:10)
  2 radroaches (Spider:3)
  A spriggan air mage (Depths:2)
  A centaur warrior (D:15)
  23 dancing weapons
  3 tengu warriors
  3 deep troll earth magi
  4 boulder beetles
  6 alligators
  2 vampire magi
  13 two-headed ogres
  13 death yaks (Lair:5)
  3 orc high priests (Orc:2)
  6 spriggan berserkers
  21 deep elf knights
  The ghost of H0rd4k the Covert, a novice OpAr of Gozag (D:9)
  2 wretched stars (Abyss:2)
  3 thrashing horrors
  2 skysharks (Lair:4)
  A sixfirhy (Abyss:2)
  9 pharaoh ants
  14 swamp dragons
  4 deep trolls (Depths:1)
  3 glowing orange brains
  4 goliath frogs
  11 bog bodies
  2 spriggan druids
  14 deep elf archers
  A spriggan simulacrum (IceCv)
  4 obsidian statues
  A flayed ghost (Depths:2)
  16 orb spiders
  35 deep elf pyromancers
  The ghost of SuvarnaParana the Cleaver, a novice MiBe of Trog (D:6)
  Pikel (D:8)
  4 necromancers
  7 orc knights
  4 steelbarb worms
  6 ugly things
  28 deep elf zephyrmancers
  A shining eye (Slime:1)
  17 wolf spiders
  6 manticores
  4 orc sorcerers (Orc:2)
  2 moths of wrath
  A cyclops (D:14)
  2 will-o-the-wisps
  9 elephants
  45 slime creatures
  3 black mambas
  2 ice statues (Spider:2)
  17 demonic crawlers
  8 cane toads
  An eye of devastation (Slime:1)
  9 torpor snails
  A gargoyle (D:13)
  An unseen horror (D:11)
  12 komodo dragons
  16 freezing wraiths (IceCv)
  3 minotaur zombies (Gauntlet)
  A tengu conjurer (Gauntlet)
  An efreet (D:15)
  5 anaconda simulacra (IceCv)
  2 golden dragon simulacra (IceCv)
  2 ice devils (IceCv)
  7 bloated husks
  5 meliai (Spider:4)
  5 trolls
  A polar bear (Lair:4)
  Grinder (D:5)
  8 tyrant leeches
  21 tarantellas
  23 blink frogs
  8 raiju
  18 hornets
  31 culicivoras
  26 jumping spiders
  10 large abominations
  8 water elementals
  7 wraiths
  7 air elementals
  6 wyverns
  13 spriggans
  3 dire elephant simulacra (IceCv)
  5 starcursed masses (Abyss:2)
  3 fire elementals
  54 redbacks
  2 golden eyes (Slime:1)
  5 humans (D:13)
  4 steam dragons
  60 yaks
  12 vampire mosquitoes
  10 basilisks
  3 minotaur simulacra (IceCv)
  14 swamp worms
  3 harpy simulacra (IceCv)
  7 wargs
  2 acid dragons
  11 water moccasins
  A hell hound (Abyss:2)
  2 hydra simulacra (IceCv)
  3 ice beasts
  An ice beast (shapeshifter) (D:13)
  13 swamp drakes
  2 alligator simulacra (IceCv)
  25 orc warriors
  An ettin simulacrum (IceCv)
  8 ogres
  4 centaurs
  2 phantoms
  3 elf zombies (Elf:1)
  2 kobold brigands
  A gnoll sergeant (D:11)
  2 earth elementals
  2 scorpions
  12 bullfrogs
  20 killer bees
  3 lindwurm simulacra (IceCv)
  10 electric eels
  4 howler monkeys
  6 quasits
  17 orc priests
  2 jellies
  Crazy Yiuf (D:2)
  An iron imp (Abyss:2)
  Jessica (D:2)
  5 iguanas
  18 orc wizards
  7 hell rats (Lair:4)
  6 small abominations
  12 gnolls
  2 river rats (Sewer)
  13 adders
  A white imp (D:7)
  2 worms
  63 orcs
  6 bats
  7 endoplasms
  A giant cockroach (D:4)
  13 goblins
  4 hobgoblins
  5 jackals
  2 quokkas
  9 ball pythons
  2 frilled lizards
  15 kobolds
  25 rats
  A spectral orc (D:9)
  3 starspawn tentacles (Abyss:2)
1359 creatures vanquished.

Vanquished Creatures (others)
  2 vault guards (D:13)
  A deep elf pyromancer (Elf:3)
  A demonic crawler (Spider:4)
  A jumping spider (Spider:2)
  A spriggan (Swamp:4)
  A culicivora (Spider:1)
  2 humans (D:13)
  11 ball lightnings (Depths:2)
  8 fulminant prisms
  4 starspawn tentacles (Abyss:2)
32 creatures vanquished.

Grand Total: 1391 creatures vanquished

Notes
Turn   | Place    | Note
-------+----------+-------------------------------------------
     0 | D:1      | Atelerd the Octopode Earth Elementalist began the quest for
                  | the Orb.
     0 | D:1      | Reached XP level 1. HP: 11/11 MP: 3/3
   179 | D:1      | Reached XP level 2. HP: 8/17 MP: 0/5
   772 | D:1      | Found Jeffomp's Book Shop.
   797 | D:1      | Reached XP level 3. HP: 21/21 MP: 2/6
  1503 | D:2      | Found a runed translucent door.
  1504 | D:2      | Noticed Crazy Yiuf
  1583 | D:3      | Reached XP level 4. HP: 27/27 MP: 4/8
  1885 | D:3      | Reached XP level 5. HP: 13/31 MP: 3/9
  2049 | D:3      | Learned a level 4 spell: Petrify
  2598 | D:3      | Reached XP level 6. HP: 36/36 MP: 3/10
  2983 | D:4      | Reached skill level 5 in Earth Magic
  3073 | D:4      | Reached skill level 1 in Short Blades
  3073 | D:4      | Reached skill level 3 in Stealth
  3127 | D:4      | Found a glowing drain.
  3132 | Sewer    | Entered a sewer
  3484 | Sewer    | Reached skill level 1 in Fighting
  3484 | Sewer    | Reached XP level 7. HP: 42/43 MP: 12/12
  3849 | D:4      | Reached skill level 4 in Stealth
  3993 | D:4      | Found Owaluar's Book Shoppe.
  4489 | D:4      | Found a sacrificial altar of Ru.
  4517 | D:5      | Entered Level 5 of the Dungeon
  4740 | D:5      | Found Ciethoim's One-of-a-Kind Rings.
  4748 | D:5      | Reached skill level 5 in Stealth
  4748 | D:5      | Reached XP level 8. HP: 48/48 MP: 14/14
  5021 | D:5      | Noticed Grinder
  5022 | D:5      | Paralysed by Grinder for 3 turns
  5032 | D:5      | Killed Grinder
  5064 | D:5      | Found a staircase to the Ecumenical Temple.
  5291 | Temple   | Entered the Ecumenical Temple
  5323 | Temple   | Became a worshipper of Sif Muna the Loreminder
  5551 | D:5      | Reached skill level 5 in Spellcasting
  5896 | D:6      | Found a transporter.
  5927 | D:6      | Noticed SuvarnaParana's ghost (novice MiBe)
  6107 | D:6      | Found Covesur's Book Emporium.
  6124 | D:6      | Reached XP level 9. HP: 53/53 MP: 19/19
  6189 | D:6      | Found a transporter.
  7080 | D:7      | Reached * piety under Sif Muna
  7993 | D:8      | Noticed Pikel
  8007 | D:8      | Killed Pikel
  8008 | D:8      | Reached skill level 1 in Invocations
  8008 | D:8      | Reached XP level 10. HP: 60/60 MP: 17/23
  8120 | D:8      | Found a staircase to the Lair.
  8406 | D:8      | Reached skill level 6 in Stealth
  8755 | D:9      | Found a transporter.
  8757 | D:9      | Noticed a two-headed ogre
  8758 | D:9      | Noticed H0rd4k's ghost (novice OpAr)
  8759 | D:9      | Identified the +8 giant spiked club "Killer Bee's Death"
                  | {spect, Str+3 Dex+3}
  8759 | D:9      | Noticed a two-headed ogre
  8760 | D:9      | Noticed a two-headed ogre
  8761 | D:9      | Noticed a two-headed ogre
  8764 | D:9      | Found a transporter.
  8811 | D:9      | Reached skill level 5 in Dodging
  8910 | D:9      | Reached skill level 7 in Stealth
  9028 | D:9      | Found a basalt altar of Yredelemnul.
  9079 | D:9      | Found a blossoming altar of Fedhas.
  9079 | D:9      | Noticed a two-headed ogre
  9092 | D:9      | Killed a two-headed ogre
  9093 | D:9      | Reached skill level 8 in Stealth
  9299 | D:9      | Identified the +9 great mace of Jysamp {freeze, Int+4}
  9303 | D:9      | Reached skill level 10 in Spellcasting
  9328 | D:9      | Reached skill level 9 in Stealth
  9445 | D:9      | Reached ** piety under Sif Muna
  9615 | D:9      | Learned a level 5 spell: Lee's Rapid Deconstruction
  9697 | D:9      | Reached XP level 11. HP: 64/64 MP: 25/25
  9752 | D:9      | Found a staircase to the Orcish Mines.
  9778 | D:9      | Noticed a two-headed ogre
  9790 | D:9      | Killed a two-headed ogre
  9791 | D:9      | Reached skill level 10 in Stealth
  9892 | D:9      | Found a hazy altar of Hepliaklqana.
 10092 | Lair:1   | Entered Level 1 of the Lair of Beasts
 10429 | Lair:1   | Reached skill level 1 in Shields
 11075 | Lair:2   | Found a runed translucent gate.
 11076 | Lair:2   | Found a runed translucent gate.
 11109 | Lair:2   | Found a runed translucent gate.
 11111 | Lair:2   | Noticed aeroqp's ghost (journeyman FoEE)
 11112 | Lair:2   | Noticed a nine-headed hydra
 11132 | Lair:2   | Noticed a ten-headed hydra
 11133 | Lair:2   | Reached skill level 1 in Evocations
 11444 | Lair:2   | Noticed a bog body
 11450 | Lair:2   | Killed a bog body
 11460 | Lair:2   | Reached skill level 11 in Stealth
 11556 | Lair:2   | Noticed a bog body
 11558 | Lair:2   | Noticed a bog body
 11561 | Lair:2   | Killed a bog body
 11562 | Lair:2   | Noticed a bog body
 11567 | Lair:2   | Killed a bog body
 11568 | Lair:2   | Reached XP level 12. HP: 72/72 MP: 21/27
 11570 | Lair:2   | Reached skill level 5 in Invocations
 11907 | Lair:2   | Reached skill level 12 in Stealth
 12134 | Lair:2   | Noticed Gastronok
 12146 | Lair:2   | Reached skill level 10 in Earth Magic
 12153 | Lair:2   | Killed Gastronok
 12270 | Lair:2   | You fall into a shaft and drop 2 floors!
 12316 | Lair:3   | Reached *** piety under Sif Muna
 12337 | Lair:3   | Learned a level 4 spell: Iskenderun's Mystic Blast
 12404 | Lair:3   | Reached skill level 1 in Conjurations
 12626 | Lair:3   | Noticed Josephine
 12630 | Lair:3   | Killed Josephine
 13407 | Lair:3   | Reached skill level 13 in Stealth
 13560 | Lair:3   | Reached XP level 13. HP: 77/77 MP: 28/28
 13748 | Lair:3   | Reached skill level 5 in Shields
 14404 | Lair:3   | Reached skill level 5 in Conjurations
 14741 | Lair:2   | Identified the +1 rapier of Karma {speed, Str+2}
 14774 | Lair:2   | Found a hole to the Spider Nest.
 15407 | Lair:2   | Found a staircase to the Swamp.
 15905 | Lair:2   | Killed aeroqp's ghost
 15974 | Lair:2   | Identified the +1 long sword "Jilus" {freeze, rN+ Int+4
                  | Dex-5}
 15978 | Lair:2   | Identified the -1 helmet of Spite {rElec Dex+3}
 16156 | Lair:3   | Identified a scroll of acquirement
 16159 | Lair:3   | Acquired 464 gold pieces
 16228 | Lair:4   | Reached **** piety under Sif Muna
 16435 | Lair:4   | Reached skill level 14 in Stealth
 16966 | Lair:4   | Learned a level 4 spell: Airstrike
 17406 | Lair:4   | Reached skill level 15 in Stealth
 17406 | Lair:4   | Reached skill level 1 in Air Magic
 17887 | D:5      | Bought a +7 ring of intelligence for 540 gold pieces
 17888 | D:5      | Bought the ring of Teipt {rF+ rN+++ Will- Int+3 Dex+3} for
                  | 736 gold pieces
 18162 | Lair:4   | Learned a level 2 spell: Blink
 18170 | Lair:5   | Entered Level 5 of the Lair of Beasts
 18823 | Lair:5   | Found a staircase to the Slime Pits.
 18824 | Lair:5   | Found a viscous altar of Jiyva.
 19085 | Lair:5   | Reached XP level 14. HP: 83/83 MP: 11/30
 20390 | Lair:5   | Reached skill level 16 in Stealth
 21973 | Lair:5   | Reached skill level 5 in Air Magic
 22611 | Orc:1    | Entered Level 1 of the Orcish Mines
 23556 | Orc:2    | Entered Level 2 of the Orcish Mines
 24032 | D:10     | Entered Level 10 of the Dungeon
 24054 | D:10     | Identified the +2 leather armour "Mesikif" {MP+9}
 24141 | D:10     | You fall into a shaft and drop 3 floors!
 24620 | D:13     | Reached skill level 17 in Stealth
 25366 | D:13     | Found a gate to the Vaults.
 25570 | D:14     | Learned a level 4 spell: Fulminant Prism
 26190 | D:14     | Reached XP level 15. HP: 88/88 MP: 31/31
 26267 | D:15     | Entered Level 15 of the Dungeon
 26443 | D:15     | Found a staircase to the Depths.
 26919 | D:15     | Paralysed by an ogre mage for 5 turns
 27779 | D:12     | Found a gate leading to a gauntlet.
 27793 | Gauntlet | Entered a Gauntlet
 27793 | Gauntlet | Found a large runed translucent door.
 27793 | Gauntlet | Found a large runed translucent door.
 27793 | Gauntlet | Found a large runed translucent door.
 27793 | Gauntlet | Found a large runed translucent door.
 27793 | Gauntlet | Found a runed translucent door.
 27793 | Gauntlet | Found a large runed translucent door.
 27793 | Gauntlet | Found a large runed translucent door.
 27793 | Gauntlet | Found a transporter.
 27793 | Gauntlet | Found a transporter.
 27793 | Gauntlet | Found a large runed translucent door.
 27793 | Gauntlet | Found a large runed translucent door.
 27793 | Gauntlet | Found a runed translucent gate.
 27793 | Gauntlet | Found a runed translucent gate.
 27793 | Gauntlet | Found a transporter.
 27796 | Gauntlet | Found a runed translucent door.
 27796 | Gauntlet | Found a runed translucent gate.
 27798 | Gauntlet | Found a large runed translucent door.
 27798 | Gauntlet | Found a large runed translucent door.
 27798 | Gauntlet | Found a large runed translucent door.
 27798 | Gauntlet | Found a large runed translucent door.
 27799 | Gauntlet | Found a large runed translucent door.
 27799 | Gauntlet | Found a large runed translucent door.
 27800 | Gauntlet | Found a large runed translucent door.
 27800 | Gauntlet | Found a large runed translucent door.
 27816 | Gauntlet | Found a transporter.
 27835 | Gauntlet | Found a transporter.
 27837 | Gauntlet | Found a transporter.
 27847 | Gauntlet | Found a transporter.
 27869 | Gauntlet | Found a transporter.
 27888 | Gauntlet | Found a transporter.
 27892 | Gauntlet | Found a transporter.
 27902 | Gauntlet | Found a transporter.
 27906 | Gauntlet | Found a transporter.
 28306 | Gauntlet | Identified the ring of Relativism {SInv Stlth+}
 28713 | D:12     | Noticed Nessos
 28723 | D:12     | Killed Nessos
 29508 | D:11     | Reached ***** piety under Sif Muna
 30209 | D:10     | Noticed Erica
 30221 | D:10     | Killed Erica
 30222 | D:10     | Reached skill level 5 in Short Blades
 30496 | D:10     | Found a transporter.
 30499 | D:10     | Found a transporter.
 30663 | D:10     | Noticed Harold
 30674 | D:10     | Killed Harold
 30759 | D:10     | Reached skill level 5 in Fighting
 31976 | D:12     | Noticed Erolcha
 31977 | Abyss:2  | Cast into level 2 of the Abyss (Erolcha)
 32017 | Abyss:2  | Reached skill level 18 in Stealth
 32058 | Abyss:2  | Noticed a deep elf sorcerer
 32064 | Abyss:2  | Killed a deep elf sorcerer
 32073 | Abyss:2  | Noticed an Executioner
 32180 | Abyss:2  | Noticed a tentacled starspawn
 32182 | Abyss:2  | Killed a tentacled starspawn
 32182 | Abyss:2  | Received a gift from Sif Muna
 32185 | Abyss:2  | Noticed a tentacled starspawn
 32195 | Abyss:2  | Killed a tentacled starspawn
 32224 | Abyss:2  | Noticed a tentacled starspawn
 32230 | Abyss:2  | Killed a tentacled starspawn
 32231 | Abyss:2  | Reached XP level 16. HP: 10/98 MP: 9/32
 32388 | Abyss:2  | Found a corrupted altar of Lugonu.
 32418 | D:12     | Escaped the Abyss
 32425 | D:12     | Killed Erolcha
 33201 | D:2      | Noticed Jessica
 33203 | D:2      | Killed Jessica
 33489 | D:2      | Found a faded altar of an unknown god.
 33918 | D:2      | Killed Crazy Yiuf
 34148 | D:6      | Killed SuvarnaParana's ghost
 34377 | D:9      | Killed H0rd4k's ghost
 34378 | D:9      | Reached skill level 19 in Stealth
 34592 | D:10     | Found a corrupted altar of Lugonu.
 34735 | D:10     | Acquired a +1 quick blade of electrocution
 34884 | Orc:2    | Received a gift from Sif Muna
 34885 | Orc:2    | Got Sif Muna's Thoughts on the Subzero Ground {god gift}
 34886 | Orc:2    | Paralysed by an orc sorcerer for 3 turns
 34903 | Orc:2    | Found Nehucsig's General Store.
 34903 | Orc:2    | Found Memeb's Magic Scroll Boutique.
 34903 | Orc:2    | Found Icsex's Distillery.
 34905 | Orc:2    | Found Wuyjipih's Armour Shoppe.
 34908 | Orc:2    | Found a staircase to the Elven Halls.
 35877 | Orc:2    | Bought a scroll of blinking for 90 gold pieces
 35877 | Orc:2    | Bought a scroll of teleportation for 36 gold pieces
 35877 | Orc:2    | Bought a scroll of teleportation for 36 gold pieces
 35879 | Orc:2    | Bought 2 potions of curing for 78 gold pieces
 35879 | Orc:2    | Bought a potion of curing for 39 gold pieces
 35879 | Orc:2    | Bought a potion of mutation for 104 gold pieces
 36068 | Orc:2    | Bought a scroll of identify for 24 gold pieces
 36068 | Orc:2    | Bought a scroll of identify for 24 gold pieces
 36070 | Orc:2    | Reached skill level 20 in Stealth
 36070 | Orc:2    | Reached skill level 10 in Air Magic
 36070 | Orc:2    | Reached XP level 17. HP: 103/103 MP: 33/33
 36112 | Elf:1    | Entered Level 1 of the Elven Halls
 36382 | Elf:1    | Paralysed by an air elemental for 1 turns
 36385 | Elf:1    | Paralysed by an air elemental for 1 turns
 36828 | Elf:1    | Reached skill level 21 in Stealth
 38067 | Elf:1    | Got the Parchment of the Charnel House
 38151 | Elf:1    | Found Xozig's Distillery.
 38373 | D:5      | Bought a +10 ring of dexterity for 1092 gold pieces
 38375 | D:5      | Gained mutation: You have very sharp teeth. [potion of
                  | mutation]
 38375 | D:5      | Gained mutation: You expend magic power (3 MP) to
                  | strengthen your wands. [potion of mutation]
 38376 | D:5      | Lost mutation: You expend magic power (3 MP) to strengthen
                  | your wands. [potion of mutation]
 38376 | D:5      | Lost mutation: You have very sharp teeth. [potion of
                  | mutation]
 38376 | D:5      | Gained mutation: You occasionally lose the ability to drink
                  | potions when taking damage. [potion of mutation]
 38377 | D:5      | Lost mutation: You occasionally lose the ability to drink
                  | potions when taking damage. [potion of mutation]
 38377 | D:5      | Gained mutation: You are partially covered in iridescent
                  | scales. (AC +2) [potion of mutation]
 38377 | D:5      | Gained mutation: You are strong-willed. (Will+) [potion of
                  | mutation]
 38928 | Elf:1    | Learned a level 6 spell: Iron Shot
 39052 | Elf:2    | Learned a level 5 spell: Freezing Cloud
 39071 | Elf:2    | HP: 1/103 [deep elf knight/shard of ice (42)]
 39365 | Elf:2    | Reached XP level 18. HP: 100/108 MP: 11/34
 39746 | Elf:2    | Received a gift from Sif Muna
 39988 | Elf:2    | Reached skill level 22 in Stealth
 40024 | Elf:2    | Got Baoh's Tractate on the Shift {god gift}
 40054 | Elf:2    | Found a runed translucent gate.
 40055 | Elf:2    | Found a runed translucent gate.
 40058 | Elf:2    | Found a runed translucent gate.
 40086 | Elf:2    | Paralysed by an air elemental for 1 turns
 40328 | Elf:2    | Learned a level 6 spell: Statue Form
 40755 | Elf:2    | Found a radiant altar of Vehumet.
 40811 | Elf:3    | Entered Level 3 of the Elven Halls
 40811 | Elf:3    | Found Uxacsude's Weapon Boutique.
 40974 | Elf:3    | Found Ruluroar's Weapon Shop.
 41102 | Elf:3    | Paralysed by an air elemental for 1 turns
 41105 | Elf:3    | Paralysed by an air elemental for 1 turns
 41123 | Elf:3    | Identified the +11 war axe of Dialob {vamp, rElec rF+ rC+
                  | Will++}
 41126 | Elf:3    | Noticed a deep elf blademaster
 41132 | Elf:3    | Killed a deep elf blademaster
 41222 | Elf:3    | Reached skill level 5 in Transmutations
 41234 | Elf:3    | Noticed Mara
 41236 | Elf:3    | Noticed Atelerd's illusion
 41584 | Elf:3    | Noticed a deep elf blademaster
 41594 | Elf:3    | Killed a deep elf blademaster
 41725 | Elf:3    | Noticed a deep elf master archer
 41728 | Elf:3    | Killed a deep elf master archer
 41832 | Elf:3    | Identified the +6 flail of the Transparent God {elec,
                  | rElec}
 41838 | Elf:3    | Noticed a deep elf master archer
 41844 | Elf:3    | Killed a deep elf master archer
 41848 | Elf:3    | Noticed Atelerd's illusion
 42467 | Elf:3    | Noticed Atelerd's illusion
 42478 | Elf:3    | Noticed Atelerd's illusion
 43037 | Spider:1 | Entered Level 1 of the Spider Nest
 43879 | Spider:1 | Reached XP level 19. HP: 113/113 MP: 16/36
 44743 | Spider:1 | Noticed Agnes
 44753 | Spider:1 | Killed Agnes
 46104 | Spider:2 | Found a frozen archway.
 46111 | Spider:2 | Noticed Asterion
 46263 | Spider:2 | Noticed Arachne
 46276 | Spider:2 | Killed Arachne
 46277 | Spider:2 | Reached skill level 10 in Dodging
 46277 | Spider:2 | Reached skill level 10 in Shields
 46302 | IceCv    | Entered an ice cave
 46316 | IceCv    | Received a gift from Sif Muna
 46323 | IceCv    | Got Sif Muna's Papyrus of Gelid Lamentation {god gift}
 46416 | IceCv    | Reached skill level 23 in Stealth
 46902 | IceCv    | Reached skill level 10 in Invocations
 47495 | IceCv    | Found an ancient bone altar of Kikubaaqudgha.
 47688 | IceCv    | Identified the ring "Muvop" {Ice Int+2}
 47793 | IceCv    | Learned a level 5 spell: Borgnjor's Vile Clutch
 48188 | Spider:2 | Killed Asterion
 49015 | Spider:3 | Reached skill level 1 in Ice Magic
 49286 | Spider:3 | Reached skill level 1 in Hexes
 49291 | Spider:3 | Acquired 811 gold pieces
 50338 | Spider:4 | Entered Level 4 of the Spider Nest
 50566 | Spider:4 | Reached skill level 5 in Ice Magic
 50568 | Spider:4 | Reached skill level 15 in Spellcasting
 50834 | Spider:3 | Reached XP level 20. HP: 119/119 MP: 24/39
 52169 | Spider:4 | Identified the +2 kite shield of the Bulwark {*Slow rF+
                  | Slay+2}
 52181 | Spider:4 | Received a gift from Sif Muna
 52182 | Spider:4 | Got Sif Muna's Directory of Windy Obstruction {god gift}
 53000 | Spider:4 | Found the +3 greatsling "Punk" {acid, rCorr}
 53006 | Spider:4 | Identified the +0 scale mail of Negation {Drain Int+3
                  | Stlth+}
 54422 | Spider:4 | Got a gossamer rune of Zot
 54423 | Spider:4 | Identified the +0 hat "Bequrywn" {rF+ rN+ Str+3}
 54560 | Spider:4 | Learned a level 8 spell: Maxwell's Capacitive Coupling
 54823 | Swamp:1  | Entered Level 1 of the Swamp
 55737 | Swamp:1  | Received a gift from Sif Muna
 58573 | Swamp:4  | Entered Level 4 of the Swamp
 59076 | Swamp:4  | Received a gift from Sif Muna
 59424 | Swamp:4  | Reached XP level 21. HP: 124/124 MP: 25/41
 59695 | Swamp:4  | Got a decaying rune of Zot
 60987 | Elf:2    | Reached skill level 15 in Air Magic
 61980 | Slime:1  | Entered Level 1 of the Pits of Slime
 63357 | Depths:1 | Entered Level 1 of the Depths
 63663 | Depths:1 | Found a bloodstained altar of Trog.
 64269 | Depths:1 | Found a portal to a secret trove of treasure.
 64619 | Depths:1 | Found a gateway to Hell.
 65128 | Depths:2 | Received a gift from Sif Muna
 65150 | Depths:2 | Got Asmodeus's Tome of Bruises {god gift}
 65263 | Depths:2 | Learned a level 6 spell: Conjure Ball Lightning
 65562 | Depths:1 | You paid a toll of a +10 ring of dexterity to enter a
                  | treasure trove
 65563 | Trove    | Entered a treasure trove
 65623 | Trove    | Got Loleh's Folio of the Amalgamated Deep Freeze
 65635 | Trove    | Got Sif Muna's Folio of Teratogeny
 65772 | Depths:2 | Noticed a caustic shrike
 65780 | Depths:2 | Killed a caustic shrike
 65792 | Depths:2 | Hit by a large rock thrown by a stone giant

Illustrated notes

Levels and vault maps discovered:
D:1:      erik_arrival_blinker_ship, layout_basic, serial_shops,
          nicolae_shop_tiny_real_fake_doors, minmay_misc_feat_x
D:2:      layout_basic, shapermc_ecumenical_altar_mp_highgroup,
          grunt_ministairs_12, minivault_11, nicolae_hexahallways,
          uniq_crazy_yiuf_cottage, uniq_jessica
D:3:      layout_loops_ring
D:4:      layout_gridville, nicolae_ru_path_of_blood, gup_sewer_entry_bowl,
          serial_shops, nicolae_inconvenience_store
D:5:      layout_loops_corners, temple_hall, nicolae_shop_unique_rings,
          uniq_grinder
D:6:      layout_loops_ring, gammafunk_ghost_stat_death, serial_shops,
          nicolae_shop_window_shopping, minmay_misc_feat_diagonals,
          bh_walls_and_bars
D:7:      layout_cave_pods
D:8:      layout_rooms, erik_lair_dragon, kennysheep_nub, minivault_10,
          minmay_misc_feat_alley, uniq_pikel
D:9:      layout_cave_pools, nicolae_hepliaklqana_monster_ancestors,
          fedhas_altar_1, yredelemnul_altar_generic, david_orc_1_choice,
          gammafunk_ghost_smash, minmay_liquid_box
D:10:     gammafunk_corrupted_shrine, layout_basic, corexii_hall_statues_x,
          uniq_erica, uniq_harold
D:11:     layout_gridville, serial_bayou_ford_a
D:12:     layout_long_grid, gauntlet_entry_generic, uniq_erolcha, uniq_nessos
D:13:     layout_cave_pods, ximxim_vaults_locker_room
D:14:     layout_loops_ring, nicolae_figureground_sparkle
D:15:     grunt_enter_depths_snipers, layout_basic
Temple:   dpeg_three_leaves_temple
Lair:1:   layout_small_grid
Lair:2:   layout_regular_city, nicolae_swamp_entry_splash_gauntlet,
          nicolae_spider_entry_orb_guardian, gammafunk_ghost_hydra_chop,
          serial_bayou_shore_a, uniq_gastronok
Lair:3:   layout_roguey, disabler_island, grunt_megastairs_3, uniq_josephine
Lair:4:   layout_hall_layers, grunt_megastairs_5
Lair:5:   evilmike_catoblepas_cave, layout_gridlike, minmay_slime_entry_pillars,
          amcnicky_mini_pool_medium, lemuel_fruit_tree
Swamp:1:  layout_basic_swamp, nicolae_swamp_triple_paths, swamp_pool2
Swamp:2:  layout_basic_swamp, hangedman_swamp_cone, swamp_pool2,
          roderic_carrion_pond
Swamp:3:  layout_basic_swamp, nicolae_swamp_big_swirl, swamp_pool5
Swamp:4:  swamp, layout_basic_swamp, swamp_pool3
Spider:1: layout_chambers, uniq_agnes
Spider:2: layout_spider_delve, portal_ice_cave_entry_ice_statue_two,
          uniq_asterion, uniq_arachne
Spider:3: nicolae_spider_brood_tunnel
Spider:4: grunt_spider_rune_island, worms_lemuel
Slime:1:  layout_caves, nicolae_slime_getting_an_eyeful
Slime:2:  layout_caves
Orc:1:    layout_diamond_mine, basic_altar, abandoned_shop
Orc:2:    st_orc_elflike, layout_diamond_mine
Elf:1:    minmay_elf_arrival_circle, layout_geoelf_diagonals, serial_shops,
          shop, minmay_elf_necromancy, amcnicky_mini_rare_corridor_liquid,
          nicolae_wwwww
Elf:2:    elven_hall_of_blades_hangedman_original
          [nicolae_blade_entry_floor_patterns], layout_onion_city,
          guppyfry_elf_altar
Elf:3:    grunt_elf_hall_diamonds, layout_geoelf_octagon, serial_shops, shop,
          minmay_shop_star, uniq_mara
Depths:1: layout_basic, nicolae_titane, hell_entry,
          nicolae_trove_entry_free_sample, evilmike_spriggan_trog_shrine
Depths:2: minmay_the_grid_square_5x5_4x4
          [minmay_the_grid_square_5x5_sharp_hourglass,
          minmay_the_grid_square_5x5_eight, minmay_the_grid_square_5x5_v,
          minmay_the_grid_square_5x5_two_walls_a,
          minmay_the_grid_square_5x5_inset,
          minmay_the_grid_square_5x5_prize_rear_guard,
          minmay_the_grid_square_5x5_prize_waves,
          minmay_the_grid_square_5x5_checkered,
          minmay_the_grid_square_5x5_trominoes,
          minmay_the_grid_square_5x5_prize_pseudospiral,
          minmay_the_grid_square_5x5_prize_gold,
          minmay_the_grid_square_5x5_two_small, minmay_the_grid_square_5x5_n,
          minmay_the_grid_square_5x5_minivault,
          minmay_the_grid_square_5x5_hollow_slash,
          minmay_the_grid_square_5x5_comb], layout_basic,
          minmay_room_of_horrors, hell_entry, rand_demon_pan_entry_9,
          lemuel_freeze_loot_1

Skill      XL: |  1  2  3  4  5  6  7  8  9 10 11 12 13 14 15 16 17 18 19 20 21 |
---------------+----------------------------------------------------------------+-----
Earth Magic    | 4 5 6 8 10 11 12 | 12.1
Transmutations | 2 3 4 6 |  6.0
Spellcasting   | 3 4 6 9 10 11 12 13 15 16 18 | 18.8
Short Blades   | 1 2 3 5 |  5.0
Stealth        | 3 5 9 11 13 15 17 18 20 21 22 23 | 23.0
Fighting       | 1 2 3 5 |  5.0
Dodging        | 3 5 6 8 9 10 | 10.0
Invocations    | 1 2 4 5 6 7 9 10 | 10.1
Shields        | 3 4 6 8 9 10 | 10.4
Evocations     | 2 |  2.0
Conjurations   | 4 5 7 8 |  8.7
Air Magic      | 2 6 8 10 12 14 15 | 15.0
Ice Magic      | 6 |  6.0
Hexes          | 2 |  2.0

Action                     |  1- 3 |  4- 6 |  7- 9 | 10-12 | 13-15 | 16-18 | 19-21 || total
---------------------------+-------+-------+-------+-------+-------+-------+-------++-------
  Melee: Unarmed           |     6 |       |       |       |       |       |       ||     6
         Tentacles         |     4 |     3 |    13 |    23 |    33 |    12 |    45 ||   133
         Constrict         |     2 |     3 |     5 |     6 |    14 |     9 |     7 ||    46
         Dagger            |     3 |    10 |    20 |    62 |    36 |       |       ||   131
         Punch             |     1 |     1 |       |     1 |     2 |       |     3 ||     8
         Rapier            |       |       |       |       |   129 |    17 |       ||   146
         Quick blade       |       |       |       |       |       |    30 |   123 ||   153
         Staff             |       |       |       |       |       |     2 |    14 ||    16
   Cast: Sandblast         |    40 |    94 |   120 |   172 |   182 |    47 |    66 ||   721
         Petrify           |       |     1 |    12 |    98 |   176 |    21 |    11 ||   319
         Lee's Rapid Decon |       |       |       |    70 |   271 |   189 |   112 ||   642
         Iskenderun's Myst |       |       |       |     2 |    34 |    55 |    84 ||   175
         Airstrike         |       |       |       |       |    39 |   105 |   404 ||   548
         Fulminant Prism   |       |       |       |       |     1 |     3 |     4 ||     8
         Blink             |       |       |       |       |       |     2 |     9 ||    11
         Freezing Cloud    |       |       |       |       |       |    16 |    61 ||    77
         Statue Form       |       |       |       |       |       |    12 |    34 ||    46
         Iron Shot         |       |       |       |       |       |     7 |   192 ||   199
         Borgnjor's Vile C |       |       |       |       |       |       |   134 ||   134
         Maxwell's Capacit |       |       |       |       |       |       |     5 ||     5
         Conjure Ball Ligh |       |       |       |       |       |       |     4 ||     4
 Invoke: Channel Magic     |       |       |       |     4 |    16 |    19 |    29 ||    68
Ability: End Transformatio |       |       |       |       |       |     1 |       ||     1
  Evoke: Wand              |       |       |       |    10 |     4 |    13 |    15 ||    42
         Lightning rod     |       |       |       |     6 |     3 |     3 |     1 ||    13
    Use: Potion            |     2 |       |       |    11 |    10 |    11 |     7 ||    41
         Scroll            |       |       |     9 |    11 |    14 |    21 |    17 ||    72
   Stab: Petrified         |       |     5 |    17 |    45 |    96 |    13 |     3 ||   179
         Sleeping          |       |       |     1 |     1 |    19 |     7 |    12 ||    40
         Paralysed         |       |       |       |     3 |       |       |       ||     3
         Petrifying        |       |       |       |     1 |     8 |     3 |       ||    12
         Distracted        |       |       |       |       |       |       |     1 ||     1
 Armour: Skin              |    11 |     4 |     4 |    33 |    62 |    33 |   305 ||   452
  Dodge: Dodged            |    17 |    24 |    19 |    90 |   111 |   162 |   715 ||  1138
  Block: Buckler           |       |       |       |       |    44 |    50 |   306 ||   400
         Other             |       |       |       |       |     1 |       |       ||     1
         Reflection        |       |       |       |       |       |     1 |       ||     1
